 Dungeon Crawl Stone Soup version 0.31-a0-1616-gbeaec30b81 (webtiles) character file.

Game seed: 9034197236246149727

1463 CougarLife the Shield-Bearer (level 8, -1/67 HPs)
             Began as a Gnoll Fighter on Jan 10, 2024.
             Was a Believer of Okawaru.
             Slain by Joseph
             ... wielding a +2 spectral quarterstaff
              (10 damage)
             ... on level 6 of the Dungeon.
             The game lasted 00:10:01 (5746 turns).

CougarLife the Shield-Bearer (Gnoll Fighter)        Turns: 5746, Time: 00:10:02

Health: -1/67      AC:  9    Str: 14    XL:     8   Next: 77%
Magic:  13/13      EV: 10    Int: 13    God:    Okawaru [**....]
Gold:   491        SH:  6    Dex: 16    Spells: 14/14 levels left

rFire   . . .        n - +9 dagger of Dull Watchfulness {spect, rN+++ Will+ Dex+4 Stlth-}
rCold   . . .        c - +0 buckler
rNeg    + + +        b - +0 scale mail
rPois   +            o - +0 helmet
rElec   .            F - scarf {repulsion}
rCorr   .            (no gloves)
SInv    .            (no boots)
Will    +....        (no amulet) Stlth
                     y - ring of poison resistance
HPRegen 0.31/turn    (no ring)
MPRegen 0.13/turn

%: repel missiles
@: no status effects
A: fangs 1, strong nose, distributed training, clever 1
a: Renounce Religion, Heroism


You were on level 6 of the Dungeon.
You worshipped Okawaru.
Okawaru was pleased with you.
You visited 2 branches of the dungeon, and saw 8 of its levels.
You also visited: Ossuary.

You collected 491 gold pieces.

Inventory:

Hand Weapons
 a - a +0 war axe
 n - the +9 dagger of Dull Watchfulness (weapon) {spect, rN+++ Will+ Dex+4 Stlth-}
   (You found it on level 2 of the Dungeon)

   Dex+4:     It affects your dexterity (+4).
   rN+++:     It renders you almost immune to negative energy.
   Will+:     It increases your willpower.
   Stlth-:    It makes you less stealthy.
Missiles
 q - 12 poisoned darts (quivered)
Armour
 b - a +0 scale mail (worn)
 c - a +0 buckler (worn)
 o - a +0 helmet (worn)
 u - a +0 cloak
 F - a scarf of repulsion (worn)
Jewellery
 p - an amulet of faith
 t - a ring of ice
 y - a ring of poison resistance (left hand)
 G - a ring of willpower
Wands
 A - a wand of flame (17)
 D - a wand of digging (5)
Scrolls
 e - 2 scrolls of enchant armour {unknown}
 f - a scroll of fear {unknown}
 g - 8 scrolls of identify {unknown}
 i - 2 scrolls of poison {unknown}
 j - 3 scrolls of vulnerability {unknown}
 l - 4 scrolls of immolation {unknown}
 s - a scroll of fog {unknown}
 v - 6 scrolls of teleportation
 B - a scroll of brand weapon {unknown}
 E - a scroll of amnesia {unknown}
 H - 2 scrolls of enchant weapon {unknown}
Potions
 d - 3 potions of might
 h - 3 potions of mutation
 k - a potion of cancellation {unknown}
 m - a potion of enlightenment {unknown}
 r - a potion of resistance {unknown}
 w - 2 potions of attraction {unknown}
 x - 2 potions of curing {unknown}
 z - 4 potions of ambrosia {unknown}
 C - a potion of berserk rage {unknown}


   Skills:
 + Level 7.6 Fighting
 + Level 3.7 Short Blades
 + Level 3.7 Long Blades
 + Level 6.0 Axes
 + Level 3.7 Maces & Flails
 + Level 3.7 Polearms
 + Level 3.7 Staves
 + Level 3.7 Ranged Weapons
 + Level 3.7 Throwing
 + Level 7.6 Armour
 + Level 3.7 Dodging
 + Level 3.7 Stealth
 + Level 7.6 Shields
 + Level 3.7 Unarmed Combat
 + Level 3.7 Spellcasting
 + Level 3.0 Conjurations
 + Level 3.0 Hexes
 + Level 3.0 Summonings
 + Level 3.0 Necromancy
 + Level 3.0 Translocations
 + Level 3.0 Fire Magic
 + Level 3.0 Ice Magic
 + Level 3.0 Air Magic
 + Level 3.0 Earth Magic
 + Level 3.0 Alchemy
 + Level 4.1 Invocations
 + Level 3.7 Evocations
 + Level 3.3 Shapeshifting


You had 14 spell levels left.
You didn't know any spells.
Your spell library contained the following spells:

 Spells                   Type           Power      Damage    Failure   Level
 Freeze                   Ice            40%        1d6       26%         1
 Magic Dart               Conj           40%        1d5       26%         1
 Sandblast                Erth           20%        2d7       26%         1
 Blink                    Tloc           20%        N/A       38%         2
 Frozen Ramparts          Ice            20%        1d4       63%         3
 Hailstorm                Conj/Ice       10%        3d6       63%         3
 Passwall                 Erth           10%        N/A       63%         3
 Stone Arrow              Conj/Erth      20%        3d8       63%         3
 Brom's Barrelling Bould  Conj/Erth      10%        2d3       95%         4
 Chain Lightning          Conj/Air       5%         3d6       100%        9
 Fire Storm               Conj/Fire      5%         8d1       100%        9
 Shatter                  Erth           5%         3d8*      100%        9
 Call Imp                 Summ           Unusable   N/A       N/A         2

Dungeon Overview and Level Annotations

Branches:
Dungeon (7/15)             Temple (1/1) D:4         Ossuary (visited)

Altars:
Ashenzari
Cheibriados
Dithmenos
Elyvilon
Fedhas
Gozag
Hepliaklqana
Kikubaaqudgha
Makhleb
Nemelex Xobeh
Okawaru
Qazlal
Sif Muna
Trog
Uskayaw
Vehumet
Wu Jian
Xom
The Shining One

Shops:
D:1 !   D:4 (

Annotations:
D:6 Joseph


Innate Abilities, Weirdness & Mutations

You have very sharp teeth.
Your uncanny sense of smell can sniff out nearby items.
Your experience applies equally to all skills.
Your mind is acute. (Int +4, Str/Dex -1)


Message History

Your +9 dagger of Dull Watchfulness {spect, rN+++ Will+ Dex+4 Stlth-} hits Joseph.
Joseph shouts, "At last, some action!"
Joseph barely misses you.
The +2 spectral quarterstaff misses you.
A +2 spectral quarterstaff comes into view.
You hit Joseph. Your bite misses Joseph.
Joseph is moderately wounded.
Your +9 dagger of Dull Watchfulness {spect, rN+++ Will+ Dex+4 Stlth-} hits Joseph!
The +2 spectral quarterstaff hits you!
Joseph hits you with a +2 spectral quarterstaff.
The +2 spectral quarterstaff barely misses you.
The +2 spectral quarterstaff hits you but does no damage.
You puncture Joseph!
Joseph is heavily wounded.
Your +9 dagger of Dull Watchfulness {spect, rN+++ Will+ Dex+4 Stlth-} hits Joseph.
You block the +2 spectral quarterstaff's attack.
Joseph hits you with a +2 spectral quarterstaff.
The +2 spectral quarterstaff hits you!
You puncture Joseph!
Joseph is severely wounded.
Your +9 dagger of Dull Watchfulness {spect, rN+++ Will+ Dex+4 Stlth-} barely misses Joseph.
The +2 spectral quarterstaff hits you.
The +2 spectral quarterstaff barely misses you.
Joseph hits you with a +2 spectral quarterstaff!
You block the +2 spectral quarterstaff's attack.
You barely miss Joseph.
Joseph is severely wounded.
Your +9 dagger of Dull Watchfulness {spect, rN+++ Will+ Dex+4 Stlth-} hits Joseph.
The +2 spectral quarterstaff hits you!
* * * LOW HITPOINT WARNING * * *
Joseph hits your +9 dagger of Dull Watchfulness {spect, rN+++ Will+ Dex+4 Stlth-} with a +2 spectral quarterstaff.
Your spectral weapon shares its damage with you!
The +2 spectral quarterstaff completely misses your +9 dagger of Dull Watchfulness {spect, rN+++ Will+ Dex+4 Stlth-}.
* * * LOW HITPOINT WARNING * * *
You puncture Joseph!
Joseph is almost dead.
Your +9 dagger of Dull Watchfulness {spect, rN+++ Will+ Dex+4 Stlth-} closely misses Joseph.
The +2 spectral quarterstaff barely misses you.
Joseph hits you with a +2 spectral quarterstaff!
You die...

#......# #.##.# #.######
#.##.# #.# ######.##.# #.#
#......##.# #.#
#########.# #.# #.# #.#
#.# #.# ######## #.# ##.##
#@@(...# #####+# #...#
#.(....# #...... #...#
#......# #...... #..<#
#......# #......
###...###......#####......
#....[.##.........##......
#......####.......##......
#....(............##......
#......####.......##.<....


You could see Joseph, a +2 spectral quarterstaff and a friendly +9 dagger of
Dull Watchfulness {spect, rN+++ Will+ Dex+4 Stlth-}.

Vanquished Creatures
  Sigmund (D:6)
  A water moccasin (D:6)
  2 ogres (D:6)
  A centaur (D:5)
  2 elf zombies (Ossuary)
  A bullfrog (D:6)
  2 bombardier beetles
  3 human zombies (Ossuary)
  An orc priest (D:3)
  2 hounds
  Crazy Yiuf (D:3)
  3 jellies
  Ijyb (D:5)
  4 iguanas
  An orc wizard (D:6)
  4 mummies (Ossuary)
  Robin (D:2)
  5 adders
  2 white imps
  2 ufetubi (D:5)
  2 dart slugs
  2 ribbon worms (D:2)
  8 orcs
  5 ball pythons
  5 endoplasms
  3 giant cockroaches
  18 goblins
  15 hobgoblins
  9 jackals
  5 quokkas
  4 bats
  2 frilled lizards
  A goblin zombie (Ossuary)
  2 jackal zombies (Ossuary)
  6 kobolds
  3 kobold zombies (Ossuary)
  3 rats
  A rat zombie (Ossuary)
  2 butterflies (D:3)
136 creatures vanquished.

Notes
Turn   | Place    | Note
-------+----------+-------------------------------------------
     0 | D:1      | CougarLife the Gnoll Fighter began the quest for the Orb.
     0 | D:1      | Reached XP level 1. HP: 23/23 MP: 1/1
   113 | D:1      | Reached XP level 2. HP: 29/29 MP: 2/2
   477 | D:1      | Reached XP level 3. HP: 34/35 MP: 3/3
   588 | D:1      | Found Ungysadui's Distillery.
  1022 | D:2      | Reached skill level 1 in Invocations
  1058 | D:2      | Reached skill level 1 in Short Blades
  1058 | D:2      | Reached skill level 1 in Long Blades
  1058 | D:2      | Reached skill level 1 in Maces & Flails
  1058 | D:2      | Reached skill level 1 in Polearms
  1058 | D:2      | Reached skill level 1 in Staves
  1058 | D:2      | Reached skill level 1 in Ranged Weapons
  1058 | D:2      | Reached skill level 1 in Throwing
  1058 | D:2      | Reached skill level 1 in Dodging
  1058 | D:2      | Reached skill level 1 in Stealth
  1058 | D:2      | Reached skill level 1 in Unarmed Combat
  1058 | D:2      | Reached skill level 1 in Spellcasting
  1058 | D:2      | Reached skill level 1 in Evocations
  1058 | D:2      | Reached skill level 1 in Shapeshifting
  1058 | D:2      | Reached XP level 4. HP: 19/41 MP: 5/5
  1429 | D:2      | Reached skill level 1 in Conjurations
  1429 | D:2      | Reached skill level 1 in Hexes
  1429 | D:2      | Reached skill level 1 in Summonings
  1429 | D:2      | Reached skill level 1 in Necromancy
  1429 | D:2      | Reached skill level 1 in Translocations
  1429 | D:2      | Reached skill level 1 in Fire Magic
  1429 | D:2      | Reached skill level 1 in Ice Magic
  1429 | D:2      | Reached skill level 1 in Air Magic
  1429 | D:2      | Reached skill level 1 in Earth Magic
  1429 | D:2      | Reached skill level 1 in Alchemy
  1565 | D:2      | Identified the +9 dagger of Dull Watchfulness {spect, rN+++
                  | Will+ Dex+4 Stlth-}
  1692 | D:3      | Noticed Robin
  1822 | D:2      | Killed Robin
  1839 | D:3      | Reached XP level 5. HP: 47/47 MP: 7/7
  1930 | D:3      | Found a broken altar of Ashenzari.
  2166 | D:3      | Found a runed translucent door.
  2167 | D:3      | Noticed Crazy Yiuf
  2198 | D:3      | Found a shimmering altar of Xom.
  2434 | D:3      | Killed Crazy Yiuf
  2474 | D:4      | Found Doclaamp's Antique Weapon Boutique.
  2497 | D:4      | Reached XP level 6. HP: 53/53 MP: 8/8
  2729 | D:4      | Found a hide-covered altar of Uskayaw.
  2909 | D:4      | Reached skill level 5 in Axes
  3041 | D:4      | Found a staircase to the Ecumenical Temple.
  3051 | Temple   | Entered the Ecumenical Temple
  3073 | Temple   | Became a worshipper of Warmaster Okawaru
  3285 | D:5      | Entered Level 5 of the Dungeon
  3294 | D:5      | Found a sand-covered staircase.
  3295 | D:5      | Found an ornate altar of the Wu Jian Council.
  3303 | Ossuary  | Entered an ossuary
  3355 | Ossuary  | Gained mutation: Your mind is acute. (Int +4, Str/Dex -1)
                  | [potion of mutation]
  3373 | Ossuary  | Reached XP level 7. HP: 34/60 MP: 10/10
  3379 | Ossuary  | Reached * piety under Okawaru
  3813 | D:5      | Noticed Ijyb
  3820 | D:5      | Killed Ijyb
  4530 | D:6      | Reached XP level 8. HP: 67/67 MP: 12/12
  4716 | D:6      | Reached ** piety under Okawaru
  4890 | D:6      | Noticed Sigmund
  5208 | D:6      | Killed Sigmund
  5733 | D:7      | Noticed Joseph
  5746 | D:6      | Slain by Joseph

Illustrated notes

Levels and vault maps discovered:
D:1:      dpeg_arrival_tiny_a, layout_basic, serial_shops, shop
D:2:      layout_loops_cross
D:3:      layout_basic, xom_butterflies, evilmike_ruin_ashenzari, uniq_robin,
          uniq_crazy_yiuf_cottage
D:4:      layout_basic, nicolae_uskayaw_murder_on_the_dancefloor, temple_hall,
          serial_shops, nicolae_shop_tiny_glass
D:5:      layout_loops_cross, mainiacjoe_overflow_paths,
          nicolae_ossuary_entry_monument, minmay_small_thing, uniq_ijyb
D:6:      layout_basic, sigmund_army
D:7:      minmay_the_grid_octo_tiled_squarecenter [minmay_the_grid_octo_horde,
          minmay_the_grid_octo_focus, minmay_the_grid_octo_pinwheel,
          minmay_the_grid_octo_checkerflower,
          minmay_the_grid_square_5x5_megaprize_open,
          minmay_the_grid_square_5x5_three_walls,
          minmay_the_grid_square_5x5_minibox, minmay_the_grid_square_5x5_corner,
          minmay_the_grid_square_5x5_checkered_statues], layout_basic,
          nicolae_ru_great_annihilating_truth, mainiacjoe_overflow_24_doors,
          uniq_maurice, uniq_joseph
Temple:   hellmonk_temple_of_storms

Skill      XL: |  1  2  3  4  5  6  7  8 |
---------------+-------------------------+-----
Invocations    | 1 2 3 4 |  4.1
Short Blades   | 1 2 3 |  3.7
Long Blades    | 1 2 3 |  3.7
Maces & Flails | 1 2 3 |  3.7
Polearms       | 1 2 3 |  3.7
Staves         | 1 2 3 |  3.7
Ranged Weapons | 1 2 3 |  3.7
Throwing       | 1 2 3 |  3.7
Dodging        | 1 2 3 |  3.7
Stealth        | 1 2 3 |  3.7
Unarmed Combat | 1 2 3 |  3.7
Spellcasting   | 1 2 3 |  3.7
Evocations     | 1 2 3 |  3.7
Shapeshifting  | 1 2 3 |  3.3
Conjurations   | 1 2 3 |  3.0
Hexes          | 1 2 3 |  3.0
Summonings     | 1 2 3 |  3.0
Necromancy     | 1 2 3 |  3.0
Translocations | 1 2 3 |  3.0
Fire Magic     | 1 2 3 |  3.0
Ice Magic      | 1 2 3 |  3.0
Air Magic      | 1 2 3 |  3.0
Earth Magic    | 1 2 3 |  3.0
Alchemy        | 1 2 3 |  3.0
Axes           | 5 6 |  6.0
Fighting       | 7 |  7.6
Armour         | 7 |  7.6
Shields        | 7 |  7.6

Action                     |  1- 3 |  4- 6 |  7- 9 || total
---------------------------+-------+-------+-------++-------
  Melee: War axe           |    92 |    23 |       ||   115
         Bite              |    10 |    12 |    13 ||    35
         Dagger            |       |   127 |   119 ||   246
  Throw: Dart              |       |       |    17 ||    17
 Invoke: Heroism           |       |       |     1 ||     1
    Use: Potion            |       |     4 |       ||     4
         Scroll            |       |     1 |       ||     1
   Stab: Distracted        |       |       |     1 ||     1
 Armour: Scale mail        |    60 |   185 |    65 ||   310
  Dodge: Dodged            |    42 |   106 |    58 ||   206
         Repelled          |       |       |     1 ||     1
  Block: Buckler           |    32 |    64 |    33 ||   129

Table legend: (Time is in decaauts)
 A = Elapsed time spent in this place.
 B = Non-inter-level travel time spent in this place.
 C = Inter-level travel time spent in this place.
 D = Time resting spent in this place.
 E = Time spent auto-exploring this place.
 F = Levels seen in this place.
 G = Mean time per level.
                   A        B        C        D        E       F      G
               +--------+--------+--------+--------+--------+-----+--------+
         Total |   5769 |   5565 |    204 |    637 |   3828 |   9 |  641.0 |
       Dungeon |   5357 |   5170 |    187 |    549 |   3650 |   7 |  765.3 |
        Temple |     40 |     23 |     17 |      0 |      0 |   1 |   40.0 |
       Ossuary |    371 |    371 |      0 |     88 |    178 |   1 |  371.0 |
               +--------+--------+--------+--------+--------+-----+--------+

Top non-repeatable levels by time:
     D:6: 1158 daAuts
     D:1: 959 daAuts
     D:5: 913 daAuts
     D:2: 895 daAuts
     D:4: 772 daAuts
     D:3: 654 daAuts
 Ossuary: 371 daAuts
  Temple: 40 daAuts
     D:7: 4 daAuts
